 Dungeon Crawl Stone Soup version 0.25-a0-1024-gbfbf38f2cb (webtiles) character file.

Game seed: 5600292962551011889, levelgen mode: deterministic

239 Flugslaktarn the Chopper (level 5, -6/47 HPs)
             Began as a Minotaur Fighter on May 12, 2020.
             Was an Initiate of Gozag.
             Mangled by Sigmund
             ... wielding a +0 scythe
              (9 damage)
             ... on level 3 of the Dungeon.
             The game lasted 00:01:25 (2990 turns).

Flugslaktarn the Chopper (Minotaur Fighter)         Turns: 2990, Time: 00:01:25

Health: -6/47      AC: 10    Str: 20    XL:     5   Next: 79%
Magic:  4/4        EV:  7    Int:  5    God:    Gozag
Gold:   317        SH:  9    Dex: 11    Spells: 4/4 levels left

rFire    . . .     SeeInvis .   a - +0 war axe
rCold    . . .     Gourm    .   c - +0 kite shield
rNeg     . . .     Faith    .   b - +0 scale mail
rPois    .         Spirit   .   (helmet restricted)
rElec    .         Reflect  .   f - +0 cloak
rCorr    .         Harm     .   s - +1 pair of gloves
MR       .....                  (no boots)
Stlth    ..........             (no amulet)
HPRegen  0.15/turn              (no ring)
MPRegen  0.09/turn              (no ring)

@: mighty
A: retaliatory headbutt, horns 2
a: Potion Petition, Call Merchant, Bribe Branch, Renounce Religion


You were on level 3 of the Dungeon.
You worshipped Gozag.
Gozag was aware of your devotion.
You were not hungry.

You visited 1 branch of the dungeon, and saw 3 of its levels.

You collected 346 gold pieces.
You paid 29 gold pieces to Gozag.

Inventory:

Hand Weapons
 a - a +0 war axe (weapon)
Armour
 b - a +0 scale mail (worn)
 c - a +0 kite shield (worn)
 f - a +0 cloak (worn)
   (You found it on level 2 of the Dungeon)
 i - a scarf of cloud immunity
   (You found it on level 1 of the Dungeon)
 s - a +1 pair of gloves (worn)
   (You found it on level 3 of the Dungeon)
Jewellery
 q - a +3 ring of intelligence {unknown}
   (You found it on level 2 of the Dungeon)
Scrolls
 h - 5 scrolls of teleportation {unknown}
 j - 3 scrolls of identify {unknown}
 l - 3 scrolls of enchant weapon {unknown}
 m - 2 scrolls of magic mapping {unknown}
 o - a scroll of remove curse {unknown}
 p - a scroll of enchant armour {unknown}
Potions
 d - a potion of might
 g - 3 potions of degeneration {unknown}
 k - 2 potions of curing {unknown}
 n - 2 potions of brilliance {unknown}
 r - a potion of ambrosia {unknown}


   Skills:
 + Level 4.7 Fighting
 * Level 5.0 Axes
 + Level 4.8 Armour
 + Level 4.7 Shields


You had 4 spell levels left.
You didn't know any spells.
Your spell library was empty.

Dungeon Overview and Level Annotations

Branches:
Dungeon (3/15)

Altars:
Gozag
Xom

Annotations:
D:3 Sigmund


Innate Abilities, Weirdness & Mutations

You reflexively headbutt those who attack you in melee.
You have a pair of horns on your head.


Message History

You closely miss something. You headbutt something.
Your shield and scale mail prevent you from hitting something.
Something hits you!
Unknown command.
You feel very mighty all of a sudden. Something hits you!
* * * LOW HITPOINT WARNING * * *
Unknown command.
You miss something. Your headbutt misses something.
You hear some strange, mumbled words.
Something tries to affect you, but you resist.
You barely miss something.
You hear some strange, mumbled words.
Something tries to affect you, but you resist.
You completely miss something. Something hits you.
* * * LOW HITPOINT WARNING * * *
Unknown command.
You miss something. You headbutt something! Something hits you!
You die...
Your body crumbles into a pile of gold.

# .#
#.........#
# ..
#.........#
#+
#........###
##........#
#........#
#........#
#........#
#..(.....#
##..###@##
#.)# #.#
#..# #.#
#..# #.#
#..# #.#
#..# #.#
#..# #.#
...# #.#
(#.# #.#


There were no monsters in sight!

Vanquished Creatures
  An orc priest (D:3)
  2 orc wizards (D:3)
  Ijyb (D:3)
  Terence (D:3)
  2 adders
  2 worms (D:2)
  2 dart slugs
  A leopard gecko (D:2)
  8 orcs (D:3)
  A giant cockroach (D:2)
  12 goblins
  6 hobgoblins
  4 jackals (D:1)
  9 kobolds
  7 bats
  6 frilled lizards
  4 rats
69 creatures vanquished.

Notes
Turn   | Place    | Note
-------+----------+-------------------------------------------
     0 | D:1      | Flugslaktarn the Minotaur Fighter began the quest for the
                  | Orb.
     0 | D:1      | Reached XP level 1. HP: 19/19 MP: 0/0
    98 | D:1      | Reached XP level 2. HP: 25/27 MP: 1/1
   216 | D:1      | Reached skill level 3 in Axes
   510 | D:1      | Reached XP level 3. HP: 33/33 MP: 2/2
  1410 | D:2      | Found an opulent altar of Gozag.
  1452 | D:2      | Became a worshipper of Gozag Ym Sagoz the Greedy
  1570 | D:2      | Reached XP level 4. HP: 40/40 MP: 3/3
  1578 | D:2      | Found a shimmering altar of Xom.
  2212 | D:3      | Reached skill level 4 in Axes
  2496 | D:3      | Noticed Terence
  2508 | D:3      | Killed Terence
  2508 | D:3      | Reached XP level 5. HP: 38/47 MP: 4/4
  2942 | D:3      | Noticed Ijyb
  2948 | D:3      | Killed Ijyb
  2948 | D:3      | Reached skill level 5 in Axes
  2963 | D:3      | Noticed Sigmund
  2990 | D:3      | Mangled by Sigmund

Illustrated notes

Levels and vault maps discovered:
D:1:      dpeg_arrival_three_same_balls, layout_basic, grunt_decor_clamped
D:2:      layout_basic, nicolae_gozag_seed_capital, xom_teletrap_fun
D:3:      layout_basic, uniq_terence, uniq_ijyb, uniq_sigmund

Skill      XL: |  1  2  3  4  5 |
---------------+----------------+-----
Axes           | 3 4 5 |  5.0
Armour         | 4 |  4.8
Shields        | 4 |  4.7
Fighting       | 4 |  4.7

Action                   |  1- 3 |  4- 6 || total
-------------------------+-------+-------++-------
Melee: War axe           |   103 |    88 ||   191
       Headbutt          |     9 |    16 ||    25
  Use: Potion            |       |     1 ||     1
 Stab: Distracted        |       |     2 ||     2
  Eat: Chunk             |     2 |       ||     2
       Ration            |       |     2 ||     2
Armor: Scale mail        |    50 |    37 ||    87
Dodge: Dodged            |    24 |    30 ||    54
Block: Kite shield       |    63 |    50 ||   113

Table legend:
 A = Non-vault XP
 B = Vault XP
 C = Vault XP percentage of total XP
 D = Non-vault monster count
 E = Vault monster count
 F = Vault count percentage of total count
                 A         B        C        D         E       F
            +---------+---------+-------+---------+---------+-------
      Total |     270 |      72 |  21.1 |      67 |       2 |   2.9
            +---------+---------+-------+---------+---------+-------
        D:1 |      49 |       0 |   0.0 |      28 |       0 |   0.0
        D:2 |      60 |       0 |   0.0 |      23 |       0 |   0.0
        D:3 |     161 |      72 |  30.9 |      16 |       2 |  11.1
            +---------+---------+-------+---------+---------+-------
